 Dungeon Crawl Stone Soup version 0.32-a0-13-gbaedc5810e (webtiles) character file.

Game seed: 3904017252386723093

1454 Ralffii009 the Charlatan (level 8, -2/57 HPs)
             Began as a Black Draconian Conjurer on Jan 15, 2024.
             Slain by a yak (9 damage)
             ... on level 7 of the Dungeon.
             The game lasted 00:27:24 (6509 turns).

Ralffii009 the Charlatan (Black Draconian Conjurer) Turns: 6509, Time: 00:27:24

Health: -2/57      AC:  9    Str:  9    XL:     8   Next: 47%
Magic:  11/14      EV: 13    Int: 21    God:
Gold:   442        SH:  0    Dex: 10    Spells: 9/15 levels left

rFire   + . .        t - +10 short sword of Qiledehi {flame, rF+}
rCold   . . .        (no shield)
rNeg    . . .        (body armour unavailable)
rPois   .            (helmet restricted)
rElec   +            (no cloak)
rCorr   .            r - +0 pair of gloves
SInv    .            d - +1 pair of boots
Will    .....        (no amulet)
Stlth   ++           p - +4 ring of slaying
HPRegen 0.29/turn    (no ring)
MPRegen 0.14/turn

%: no passive effects
@: freezing walls, very slightly contaminated
A: breathe lightning, AC +6, unfitting armour, electricity resistance,
cold-blooded
a: Breathe Lightning


You were on level 7 of the Dungeon.
You visited 1 branch of the dungeon, and saw 7 of its levels.
You also visited: Sewer.

You collected 442 gold pieces.

Inventory:

Hand Weapons
 g - a +1 dagger of speed
 i - a +2 vampiric falchion
 t - the +10 short sword of Qiledehi (weapon) {flame, rF+}
   (You found it on level 5 of the Dungeon)

   rF+:       It protects you from fire.
Armour
 d - a +1 pair of boots (worn)
 r - a +0 pair of gloves (worn)
Magical Staves
 l - a staff of air
Jewellery
 p - a +4 ring of slaying (left hand)
Wands
 h - a wand of polymorph (5)
 n - a wand of flame (4)
Scrolls
 j - a scroll of revelation
 o - a scroll of enchant weapon
 v - a scroll of teleportation
Potions
 a - a potion of magic
 b - 3 potions of mutation
 c - a potion of haste {unknown}
 e - a potion of heal wounds {unknown}
 f - 2 potions of degeneration
 k - a potion of might {unknown}
 m - a potion of curing
 s - a potion of attraction {unknown}
 u - a potion of lignification {unknown}


   Skills:
 - Level 0.1 Throwing
 - Level 4.4 Dodging
 - Level 1.7 Stealth
 - Level 0.2 Shields
 - Level 4.0 Spellcasting
 + Level 6.5 Conjurations
 - Level 0.1 Alchemy
 - Level 6.6 Evocations


You had 9 spell levels left.
You knew the following spells:

 Your Spells              Type           Power      Damage    Failure   Level
a - Magic Dart            Conj           100%       1d8       1%          1
b - Searing Ray           Conj           62%        2d6       1%          2
c - Frozen Ramparts       Ice            8%         1d2       34%         3

Your spell library contained the following spells:

 Spells                   Type           Power      Damage    Failure   Level
 Hailstorm                Conj/Ice       18%        3d7       10%         3
 Freeze                   Ice            16%        1d4       12%         1
 Fulminant Prism          Conj/Alch      9%         3d7       30%         4
 Iskenderun's Mystic Bla  Conj/Tloc      18%        2d6       30%         4


Dungeon Overview and Level Annotations

Branches:
Dungeon (7/15)              Sewer (visited)
 Temple: D:4-7

Altars:
Ashenzari
Qazlal
Ru
Wu Jian


Innate Abilities, Weirdness & Mutations

You can breathe wild blasts of lightning.
Your glossy black scales are hard. (AC +6)
You cannot fit into any form of body armour.
You are resistant to electric shocks. (rElec)
You are cold-blooded and may be slowed by cold attacks.


Message History

Press: ? - help, Dir - look around, f - activate An open door.
The walls around you are covered in ice.
The wall freezes the scorpion but does no damage.
The scorpion stings you but does no damage.
The wall freezes the yak but does no damage.
The yak gores you.
The wall freezes the yak but does no damage.
The yak completely misses you. The gnoll barely misses you.
Casting: Frozen Ramparts (dangerous; 34% risk of failure)
Confirm with . or Enter, or press ? or * to list all spells.
Aiming: Magic Dart (safe; 1% risk of failure)
Press: ? - help, Shift-Dir - straight line, f - scorpion
Aim: a scorpion (heavily wounded, 100% to hit)
The magic dart hits the scorpion.
The scorpion is severely wounded.
The wall freezes the scorpion but does no damage.
The scorpion closely misses you.
The wall freezes the yak but does no damage.
The yak gores you.
* * * LOW HITPOINT WARNING * * *
The wall freezes the yak but does no damage.
The yak gores you!
* * * LOW HITPOINT WARNING * * *
The gnoll closely misses you.
The wall freezes the yak but does no damage.
You feel better.
The wall freezes the scorpion but does no damage.
The scorpion stings you but does no damage.
The wall freezes the scorpion but does no damage.
The scorpion closely misses you.
The wall freezes the yak.
The yak gores you but does no damage.
The wall freezes the yak.
The yak misses you. The gnoll barely misses you.
Magic courses through your body.
The wall freezes the scorpion but does no damage.
The scorpion stings you but does no damage.
The wall freezes the yak.
The yak gores you.
* * * LOW HITPOINT WARNING * * *
The wall freezes the yak.
The yak gores you!
You die...

########## #........#
#!.......# #........#
..####@#####
#...YYsY..#
#[...Y)g..# ..
#.........#######..
#................#
#................#
#................#
#................#
##########.......###+#


You could see 4 yaks, a scorpion and a gnoll.

Vanquished Creatures
  Sigmund (D:2)
  Duvessa (D:4)
  A black bear (D:5)
  4 ogres
  2 bullfrogs (Sewer)
  A scorpion (D:5)
  Dowan (D:4)
  2 hounds (D:5)
  A jelly (D:5)
  3 bombardier beetles
  An orc priest (D:4)
  Terence (D:2)
  An iguana (D:4)
  An orc wizard (D:4)
  Robin (D:2)
  2 gnolls
  8 adders
  6 dart slugs
  2 ribbon worms
  10 orcs
  14 ball pythons
  A bat (D:4)
  20 endoplasms
  10 giant cockroaches
  17 goblins
  6 hobgoblins
  6 jackals (D:3)
  5 quokkas
  16 frilled lizards
  10 kobolds
  4 rats
159 creatures vanquished.

Notes
Turn   | Place    | Note
-------+----------+-------------------------------------------
     0 | D:1      | Ralffii009 the Draconian Conjurer began the quest for the
                  | Orb.
     0 | D:1      | Reached XP level 1. HP: 14/14 MP: 3/3
   118 | D:1      | Reached XP level 2. HP: 14/20 MP: 0/5
   502 | D:1      | Reached XP level 3. HP: 26/26 MP: 0/7
   589 | D:1      | You fall into a shaft and drop 1 floor!
  1059 | D:1      | Found a faded altar of an unknown god.
  1470 | D:2      | Noticed Terence
  1474 | D:2      | Learned a level 2 spell: Searing Ray
  1480 | D:2      | Killed Terence
  1481 | D:2      | Reached XP level 4. HP: 33/33 MP: 2/10
  1661 | D:2      | Noticed Sigmund
  1665 | D:2      | Killed Sigmund
  1666 | D:2      | Reached XP level 5. HP: 38/38 MP: 5/11
  1836 | D:2      | Noticed Robin
  1847 | D:2      | Killed Robin
  2471 | D:3      | Reached XP level 6. HP: 45/45 MP: 8/12
  3272 | D:4      | Found a glowing drain.
  3315 | Sewer    | Entered a sewer
  3643 | Sewer    | Reached skill level 1 in Evocations
  4281 | D:4      | Learned a level 3 spell: Frozen Ramparts
  4311 | D:4      | Noticed Duvessa
  4329 | D:4      | Noticed Dowan
  4338 | D:4      | Killed Dowan
  4339 | D:4      | Your scales start taking on a glossy black colour.
  4339 | D:4      | Reached XP level 7. HP: 29/50 MP: 7/13
  4339 | D:4      | Gained mutation: You are resistant to electric shocks.
                  | (rElec) [Black Draconian growth]
  4339 | D:4      | Killed Duvessa
  4502 | D:4      | Reached skill level 5 in Evocations
  4589 | D:4      | Found an ornate altar of the Wu Jian Council.
  5247 | D:5      | Entered Level 5 of the Dungeon
  5252 | D:5      | Reached XP level 8. HP: 30/57 MP: 8/14
  5255 | D:5      | Found a sacrificial altar of Ru.
  5664 | D:5      | Reached skill level 5 in Conjurations
  5819 | D:5      | Identified the +10 short sword of Qiledehi {flame, rF+}
  5843 | D:5      | Found a broken altar of Ashenzari.
  6206 | D:5      | Found a stormy altar of Qazlal.
  6332 | D:7      | Noticed a hornet
  6509 | D:7      | Slain by a yak

Illustrated notes

Levels and vault maps discovered:
D:1:      tarquinn_simple_flora_water_f, layout_loops_ring,
          basic_ecumenical_altar, nicolae_grassy_gnolls
D:2:      layout_loops_ring, uniq_robin, uniq_terence, uniq_sigmund
D:3:      layout_loops_ring, minmay_misc_feat_cross
D:4:      layout_cave_pools, lemuel_tele_altar, cheibrodos_sewer_entry_sluice,
          uniq_duvessa
D:5:      layout_loops_ring, nicolae_ru_awakened_eye, lemuel_round_altar,
          mainiacjoe_overflow_paths
D:6:      minmay_razor_zed, layout_rooms, minmay_temple_entry_mini_moons,
          hangedman_decor_slide_cut, uniq_eustachio
D:7:      layout_gridville, mainiacjoe_overflow_tiny_flanked,
          mainiacjoe_overflow_concentric_impassable, chequers_jeans,
          kennysheep_windowed_goal

Skill      XL: |  1  2  3  4  5  6  7  8 |
---------------+-------------------------+-----
Spellcasting   | 3 4 |  4.0
Dodging        | 4 |  4.4
Evocations     | 4 6 |  6.6
Conjurations   | 6 |  6.5
Throwing       | |  0.1
Stealth        | |  1.7
Shields        | |  0.2
Alchemy        | |  0.1

Action                     |  1- 3 |  4- 6 |  7- 9 || total
---------------------------+-------+-------+-------++-------
  Melee: Short sword       |     8 |       |       ||     8
         Unarmed           |     5 |       |       ||     5
         Tailslap          |     2 |     2 |     2 ||     6
         Dagger            |     4 |     6 |       ||    10
         Falchion          |       |     4 |    13 ||    17
   Cast: Magic Dart        |    64 |   161 |    84 ||   309
         Searing Ray       |     1 |    10 |    12 ||    23
         Frozen Ramparts   |       |     1 |     5 ||     6
Ability: Breathe Lightning |       |       |     4 ||     4
    Use: Scroll            |     4 |     4 |     4 ||    12
         Potion            |       |     1 |     4 ||     5
 Armour: Skin              |    11 |    50 |    94 ||   155
  Dodge: Dodged            |    14 |    60 |    89 ||   163

Table legend: (Time is in decaauts)
 A = Elapsed time spent in this place.
 B = Non-inter-level travel time spent in this place.
 C = Inter-level travel time spent in this place.
 D = Time resting spent in this place.
 E = Time spent auto-exploring this place.
 F = Levels seen in this place.
 G = Mean time per level.
                   A        B        C        D        E       F      G
               +--------+--------+--------+--------+--------+-----+--------+
         Total |   6571 |   6571 |      0 |    303 |   4982 |   8 |  821.4 |
       Dungeon |   5627 |   5627 |      0 |    231 |   4304 |   7 |  803.9 |
         Sewer |    943 |    943 |      0 |     72 |    678 |   1 |  943.0 |
               +--------+--------+--------+--------+--------+-----+--------+

Top non-repeatable levels by time:
     D:1: 1202 daAuts
     D:4: 1122 daAuts
     D:3: 1075 daAuts
     D:5: 1042 daAuts
     D:2: 966 daAuts
   Sewer: 943 daAuts
     D:7: 176 daAuts
     D:6: 41 daAuts
